 Dungeon Crawl Stone Soup version 0.24.0-29-g8ce449bc06 (webtiles) character file.

Game seed: 10507356209615532567, levelgen mode: deterministic

34 Descartes the Scratcher (level 3, -5/15 HPs)
             Began as a Felid Transmuter on Nov 15, 2019.
             Slain by Sigmund
             ... wielding a +0 scythe
              (10 damage)
             ... on level 2 of the Dungeon.
             The game lasted 00:01:43 (736 turns).

Descartes the Scratcher (Felid Transmuter)           Turns: 736, Time: 00:01:43

Health: -5/15      AC:  1    Str:  7    XL:     3   Next: 14%
Magic:  7/7        EV: 18    Int: 14    God:
Gold:   29         SH:  0    Dex: 16    Spells: 5/6 levels left
                                        Lives:  0   Deaths: 0

rFire    . . .     SeeInvis +     - Unarmed
rCold    . . .     Gourm    .   (shield unavailable)
rNeg     . . .     Faith    .   (armour unavailable)
rPois    .         Spirit   .   (helmet unavailable)
rElec    .         Reflect  .   (cloak unavailable)
rCorr    .         Harm     .   (gloves unavailable)
MR       .....                  (boots unavailable)
Stlth    ++........             (no amulet)
HPRegen  0.05/turn              (no ring)
MPRegen  0.10/turn              (no ring)

@: quick
A: very small, no armour, no weapons or thrown items, stealth, claws 1, fangs 3,
see invisible, carnivore, speed 1, shaggy fur 1, slow metabolism 1, sharp paws
a: no special abilities


You were on level 2 of the Dungeon.
You were completely stuffed.

You visited 1 branch of the dungeon, and saw 2 of its levels.

You collected 29 gold pieces.

Inventory:

Missiles
 a - 61 arrows
 b - 31 stones
Scrolls
 d - a scroll of remove curse {unknown}
 e - a scroll of fog {unknown}
 g - a scroll of magic mapping {unknown}
 h - a scroll of identify {unknown}
 j - a scroll of immolation {unknown}
Potions
 f - a potion of cancellation {unknown}
 i - a potion of mutation {unknown}
Comestibles
 c - 2 rations
 k - a chunk of flesh


   Skills:
 - Level 1.0 Fighting
 + Level 3.3 Dodging
 + Level 1.9 Stealth
 * Level 3.7 Unarmed Combat
 - Level 2.0 Spellcasting
 - Level 2.1 Transmutations


You had 5 spell levels left.
You knew the following spells:

 Your Spells              Type           Power        Failure   Level  Hunger
a - Beastly Appendage     Tmut           #.....       10%         1    ##.....

Your spell library contained the following spells:

 Spells                   Type           Power        Failure   Level  Hunger
 Sticks to Snakes         Tmut           #.......     14%         2    ###....
 Spider Form              Tmut/Pois      #.........   41%         3    ####...
 Ice Form                 Ice/Tmut       #.......     83%         4    #####..
 Blade Hands              Tmut           #.........   95%         5    ######.


Dungeon Overview and Level Annotations

Branches:
Dungeon (2/15)

Altars:
Wu Jian

Annotations:
D:2 Sigmund


Innate Abilities, Weirdness & Mutations

You cannot wear armour.
You are incapable of wielding weapons or throwing items.
Your paws allow you to move quietly. (Stealth)
You have sharp claws.
You have razor-sharp teeth.
You have supernaturally acute eyesight. (SInv)
You are carnivorous and can eat meat at any time.
You cover ground quickly.
You are covered in fur. (AC +1)
You have a slow metabolism.
Your sharp claws are effective at attacking unaware monsters.


Message History

The puff of flame hits you.
The frilled lizard moves out of view.
You scratch Sigmund but do no damage.
Sigmund gestures wildly while chanting.
Sigmund flickers and vanishes for a moment.
You barely miss Sigmund.
Sigmund points at you and mumbles some strange words.
The puff of flame misses you.
You scratch Sigmund. You bite Sigmund, but do no damage.
Sigmund is lightly wounded.
Sigmund points at you and mumbles some strange words.
The puff of flame hits you.
You barely miss Sigmund. Your bite misses Sigmund.
Sigmund is lightly wounded.
Sigmund points at you and mumbles some strange words.
The puff of flame misses you.
You closely miss Sigmund. Your bite misses Sigmund.
Sigmund is lightly wounded.
Sigmund hits you with a +0 scythe!
Ouch! That really hurt!
You die...

.. ... ......
##.##.. .. .. .
.....>. .... .#
......... ?#. ..#
....^.... _l ...#
.........#.#....#
.........@......#
.......##@#.#
.......#..#.#
.<.......##.#
........## .# ##
##.......##.# #.
.....#.##.#..#
##. .... #.##.#.#
.. ##..
.....#......#
###...##...
.......รท..#.###
.....#....


You could see Sigmund (invisible) and a frilled lizard.

Vanquished Creatures
  An adder (D:2)
  A ball python (D:2)
  3 bats
  3 giant cockroaches (D:1)
  2 goblins (D:1)
  3 hobgoblins
  A frilled lizard (D:1)
  3 kobolds (D:1)
  6 rats
23 creatures vanquished.

Notes
Turn   | Place    | Note
-------+----------+-------------------------------------------
     0 | D:1      | Descartes the Felid Transmuter began the quest for the Orb.
     0 | D:1      | Reached XP level 1. HP: 9/9 MP: 4/4
   134 | D:1      | Reached skill level 1 in Stealth
   134 | D:1      | Reached XP level 2. HP: 11/12 MP: 6/6
   573 | D:2      | Reached XP level 3. HP: 15/15 MP: 7/7
   724 | D:2      | Found an ornate altar of the Wu Jian Council.
   724 | D:2      | Noticed Sigmund
   736 | D:2      | Slain by Sigmund

Levels and vault maps discovered:
D:1:      dpeg_arrival_castle, layout_basic
D:2:      layout_rooms, lemuel_crystal_altar, lemuel_round_altar,
          lemuel_crystal_altar, uniq_sigmund, uniq_natasha, uniq_terence,
          uniq_jessica

Skill      XL: |  1 |
---------------+----+-----
Dodging        | 3 |  3.3
Stealth        | 1 |  1.9
Fighting       | |  1.0
Unarmed Combat | |  3.7
Spellcasting   | |  2.0
Transmutations | |  2.1

Action                   || total
-------------------------++-------
Melee: Unarmed           ||    55
       Bite              ||     4
 Stab: Sleeping          ||     5
  Eat: Chunk             ||     7
Armor: Skin              ||     3
Dodge: Dodged            ||    48
